[Event "26th Abu Dhabi Master 2019"]
[Site "Abu Dhabi"]
[Date "2019.08.03"]
[Round "2.21"]
[White "Soumya, Swaminathan"]
[Black "Aleksandrov, Aleksej"]
[Result "0-1"]
[ECO "C90"]
[WhiteElo "2402"]
[BlackElo "2571"]
[Annotator "ChessBase"]
[PlyCount "114"]
[EventDate "2019.08.02"]
[EventType "swiss"]
[EventCountry "UAE"]
[SourceTitle "playchess.com"]
[Source "ChessBase"]
[SourceQuality "1"]
[TimeControl "5400+30"]

1. e4 e5 2. Nf3 Nc6 3. Bb5 a6 4. Ba4 Nf6 5. O-O Be7 6. d3 b5 7. Bb3 d6 8. c3 O-O 9. Re1 h6 10. Nbd2 Re8 11. a4 Bd7 12. Bc2 Bf8 13. Nf1 b4 14. Ne3 a5 15. h3 bxc3 16. bxc3 Be6 17. Bd2 Rb8 18. d4 exd4 19. Nxd4 Bd7 20. Nc4 Ne5 21. Nxe5 dxe5 22. Nb3 Be6 23. Nxa5 Qd6 24. Be3 Qa6 25. Nb3 Red8 26. Nd2 Qa5 27. Rb1 Qxc3 28. Rxb8 Rxb8 29. Nf3 Rb2 30. Bd3 Ra2 31. Bb1 Ra1 32. Qd8 Nd7 33. Kh2 c6 34. Bd2 Qb2 35. Bd3 Rxa4 36. Rb1 Qa3 37. Bc2 Ra8 38. Qh4 Qe7 39. Qg3 Qf6 40. Bc3 Ra3 41. Bb2 Ra2 42. Nd2 Bc5 43. Kg1 g5 44. Bd3 Ra4 45. Bc2 Rb4 46. Bc3 Rxb1+ 47. Bxb1 Qf4 48. Qxf4 gxf4 49. Nf3 f6 50. Bc2 Nb6 51. Kf1 Kf7 52. Ke1 Ke7 53. Bd1 Nc4 54. Ba4 Kd7 55. Bb3 Nd6 56. Bc2 Bb6 57. Ba4 Nxe4 0-1

[Event "26th Abu Dhabi Master 2019"]
[Site "Abu Dhabi"]
[Date "2019.08.03"]
[Round "2.22"]
[White "Yuffa, Daniil"]
[Black "Mullick, Raahil"]
[Result "1-0"]
[ECO "D12"]
[WhiteElo "2582"]
[BlackElo "2211"]
[Annotator "ChessBase"]
[PlyCount "65"]
[EventDate "2019.08.02"]
[EventType "swiss"]
[EventCountry "UAE"]
[SourceTitle "playchess.com"]
[Source "ChessBase"]
[SourceQuality "1"]
[TimeControl "5400+30"]

1. d4 d5 2. c4 c6 3. Nf3 Nf6 4. e3 Bf5 5. Nc3 e6 6. Nh4 Be4 7. f3 Bg6 8. Qb3 Qc7 9. Bd2 Be7 10. g3 Nbd7 11. cxd5 exd5 12. Nxg6 hxg6 13. O-O-O b5 14. Kb1 Nb6 15. Qc2 Nc4 16. Bc1 Qd7 17. e4 O-O 18. e5 Ne8 19. h4 b4 20. Na4 Nc7 21. h5 gxh5 22. Rxh5 g6 23. Rh6 Kg7 24. Bd3 Rg8 25. Bxg6 fxg6 26. Rxg6+ Kf7 27. e6+ Qxe6 28. Rxe6 Nxe6 29. Qf5+ Bf6 30. g4 Nd6 31. Qh5+ Ke7 32. Re1 Rh8 33. Bh6 1-0

[Event "26th Abu Dhabi Master 2019"]
[Site "Abu Dhabi"]
[Date "2019.08.03"]
[Round "2.23"]
[White "Viani Antonio Dcunha"]
[Black "Santos Ruiz, Miguel"]
[Result "1/2-1/2"]
[ECO "B92"]
[WhiteElo "2371"]
[BlackElo "2567"]
[Annotator "ChessBase"]
[PlyCount "135"]
[EventDate "2019.08.02"]
[EventType "swiss"]
[EventCountry "UAE"]
[SourceTitle "playchess.com"]
[Source "ChessBase"]
[SourceQuality "1"]
[TimeControl "5400+30"]

1. e4 c5 2. Nf3 d6 3. d4 cxd4 4. Nxd4 Nf6 5. Nc3 a6 6. Be2 e5 7. Nb3 Be7 8. O-O O-O 9. Kh1 Re8 10. a4 Nc6 11. f4 exf4 12. Bxf4 Ne5 13. Nd4 Qc7 14. Bg5 Be6 15. Nf5 Bxf5 16. Rxf5 Qc5 17. Qd2 Nfd7 18. Be3 Qc6 19. Raf1 Bf8 20. Bd4 g6 21. R5f2 Rac8 22. Bd3 Bg7 23. Nd5 Re6 24. Nf4 Rf6 25. Nd5 Rxf2 26. Qxf2 Re8 27. b3 Qc8 28. Ne3 Re6 29. Ng4 Qf8 30. Nxe5 Bxe5 31. Be3 Rf6 32. Qe2 Rxf1+ 33. Qxf1 Nf6 34. Qf3 Qe8 35. g3 Qc6 36. Bg5 Kg7 37. Bxf6+ Bxf6 38. Bc4 b5 39. axb5 axb5 40. Bd3 Qc3 41. Kg2 b4 42. Qe2 Bd4 43. Bc4 Bc5 44. Qd3 Qe1 45. Qf3 f6 46. Qe2 Qg1+ 47. Kh3 h5 48. Qf1 Qe3 49. Qd3 Qe1 50. Qe2 Qc1 51. Bd3 Bd4 52. Qf1 Qg5 53. Qf4 Qc5 54. Kg2 Be5 55. Qf2 Bd4 56. Qf4 Be3 57. Qf3 Qd4 58. Qe2 Qa7 59. Bc4 Bc5 60. Qd1 Qa2 61. Kh3 Qb2 62. Qd5 Qxc2 63. Qf7+ Kh6 64. Qxf6 Qxe4 65. Qh8+ Kg5 66. Qd8+ Kh6 67. Qh8+ Kg5 68. Qd8+ 1/2-1/2

[Event "26th Abu Dhabi Master 2019"]
[Site "Abu Dhabi"]
[Date "2019.08.03"]
[Round "2.24"]
[White "Istratescu, Andrei"]
[Black "Deshpande, Aniruddha"]
[Result "1-0"]
[ECO "B36"]
[WhiteElo "2555"]
[BlackElo "2234"]
[Annotator "ChessBase"]
[PlyCount "123"]
[EventDate "2019.08.02"]
[EventType "swiss"]
[EventCountry "UAE"]
[SourceTitle "playchess.com"]
[Source "ChessBase"]
[SourceQuality "1"]
[TimeControl "5400+30"]

1. e4 c5 2. Nf3 Nc6 3. d4 cxd4 4. Nxd4 g6 5. c4 Nf6 6. Nc3 d6 7. Be2 Nxd4 8. Qxd4 Bg7 9. Be3 O-O 10. Qd2 Be6 11. Rc1 a5 12. f3 a4 13. Nb5 Nd7 14. h4 Qa5 15. Nd4 Nc5 16. h5 Bd7 17. hxg6 hxg6 18. Rc3 Ne6 19. Kf2 a3 20. b3 Qe5 21. Nxe6 Bxe6 22. Rd3 Qb2 23. Bd4 Qxd2 24. Rxd2 Bxd4+ 25. Rxd4 Kg7 26. Ke3 g5 27. Rdd1 Rh8 28. g3 f5 29. Rxh8 Rxh8 30. exf5 Bxf5 31. Rd5 Kf6 32. g4 Bb1 33. Ra5 Bxa2 34. Rxa3 Bb1 35. Ra5 Bc2 36. Rb5 Ra8 37. Bd3 Bxd3 38. Kxd3 Ra7 39. Ke4 e6 40. Kd4 Ra1 41. Rxb7 Rd1+ 42. Ke3 Re1+ 43. Kd2 Rf1 44. Ke2 Rc1 45. Rd7 Ke5 46. Kd3 Rb1 47. Kc3 Rc1+ 48. Kb4 Rf1 49. Rf7 Kd4 50. Kb5 Rc1 51. Rf6 Rc3 52. b4 Rxc4 53. Rxe6 d5 54. Ka5 Kc3 55. b5 d4 56. b6 d3 57. b7 d2 58. Re3+ Kd4 59. Re4+ Kc3 60. b8=Q d1=Q 61. Qe5+ Kc2 62. Rxc4+ 1-0

[Event "26th Abu Dhabi Master 2019"]
[Site "Abu Dhabi"]
[Date "2019.08.03"]
[Round "2.25"]
[White "Senthil Maran K"]
[Black "Shevchenko, Kirill"]
[Result "1-0"]
[ECO "D71"]
[WhiteElo "2222"]
[BlackElo "2536"]
[Annotator "ChessBase"]
[PlyCount "74"]
[EventDate "2019.08.02"]
[EventType "swiss"]
[EventCountry "UAE"]
[SourceTitle "playchess.com"]
[Source "ChessBase"]
[SourceQuality "1"]
[TimeControl "5400+30"]

1. d4 Nf6 2. c4 g6 3. g3 Bg7 4. Bg2 O-O 5. Nf3 d6 6. O-O Nbd7 7. Qc2 c6 8. Nc3 e5 9. e4 Qc7 10. h3 Re8 11. Be3 a5 12. Rad1 b5 13. c5 dxc5 14. dxe5 Nxe5 15. Nxe5 Qxe5 16. Bf4 Qe7 17. Bd6 Qb7 18. e5 Nd7 19. f4 c4 20. Ne4 Qb6+ 21. Kh2 Ra7 22. f5 gxf5 23. Rxf5 h6 24. Rdf1 Nxe5 25. Bc5 Qd8 26. Nf6+ Bxf6 27. Rxf6 Rd7 28. Rxh6 Rd3 29. Qc1 Rd2 30. Rf2 Rxf2 31. Bxf2 Re6 32. Rxe6 Bxe6 33. Qh6 Ng6 34. Bxc6 Qf6 35. Qd2 Bxh3 36. Kxh3 Qxc6 37. Qd8+ Kh7 1-0

[Event "26th Abu Dhabi Master 2019"]
[Site "Abu Dhabi"]
[Date "2019.08.03"]
[Round "2.26"]
[White "Mahalakshmi, M."]
[Black "Sengupta, Deep"]
[Result "0-1"]
[ECO "B06"]
[WhiteElo "2173"]
[BlackElo "2558"]
[Annotator "ChessBase"]
[PlyCount "76"]
[EventDate "2019.08.02"]
[EventType "swiss"]
[EventCountry "UAE"]
[SourceTitle "playchess.com"]
[Source "ChessBase"]
[SourceQuality "1"]
[TimeControl "5400+30"]

1. d4 g6 2. c4 Bg7 3. Nf3 d6 4. e4 Bg4 5. Be2 Nc6 6. Be3 e5 7. d5 Bxf3 8. Bxf3 Nd4 9. Bxd4 exd4 10. Qa4+ Qd7 11. Qxd7+ Kxd7 12. Nd2 Ne7 13. Nb3 a5 14. Rd1 c5 15. dxc6+ Nxc6 16. a4 Kc7 17. O-O Ra6 18. c5 dxc5 19. Be2 Rb6 20. Bb5 Na7 21. Rc1 Rxb5 22. axb5 b6 23. f4 Nxb5 24. e5 Kc6 25. Kf2 Rd8 26. Rfe1 Nc7 27. Nd2 Ne6 28. g3 a4 29. Ne4 b5 30. g4 c4 31. Kg3 d3 32. Red1 g5 33. Nxg5 Nxg5 34. fxg5 Bxe5+ 35. Kf3 Bxb2 36. Rb1 c3 37. Rf1 a3 38. Ke3 c2 {[%emt 0:00:18] Kd4} 0-1

[Event "26th Abu Dhabi Master 2019"]
[Site "Abu Dhabi"]
[Date "2019.08.03"]
[Round "2.27"]
[White "Sanal, Vahap"]
[Black "Mahdian, Anousha"]
[Result "1-0"]
[ECO "B10"]
[WhiteElo "2520"]
[BlackElo "2118"]
[Annotator "ChessBase"]
[PlyCount "93"]
[EventDate "2019.08.02"]
[EventType "swiss"]
[EventCountry "UAE"]
[SourceTitle "playchess.com"]
[Source "ChessBase"]
[SourceQuality "1"]
[TimeControl "5400+30"]

1. e4 c6 2. Nf3 d5 3. Nc3 dxe4 4. Nxe4 Nf6 5. Nxf6+ exf6 6. d4 Bd6 7. Bd3 O-O 8. O-O Bg4 9. Re1 Nd7 10. c3 Qc7 11. h3 Bh5 12. Be3 Rfe8 13. g4 Bg6 14. Nh4 Bxd3 15. Qxd3 g6 16. Ng2 Nf8 17. Bh6 Ne6 18. Qf3 Qd8 19. Rad1 Bf8 20. Bxf8 Kxf8 21. h4 Kg7 22. Ne3 Qc7 23. d5 Qf4 24. Qg2 Nc5 25. b4 Nd7 26. Rd4 Qc7 27. Red1 c5 28. d6 Qc6 29. Qxc6 bxc6 30. bxc5 Re5 31. Rb1 Rxc5 32. Rb7 Ne5 33. Re4 Rd8 34. f4 Nf3+ 35. Kf2 Nd2 36. Rd4 Rxd6 37. Ke2 Rxd4 38. cxd4 Ra5 39. Kxd2 Rxa2+ 40. Nc2 g5 41. hxg5 fxg5 42. fxg5 Kg6 43. Kd3 a5 44. Rc7 Kxg5 45. Rxf7 h6 46. Rg7+ Kf6 47. Rc7 1-0

[Event "26th Abu Dhabi Master 2019"]
[Site "Abu Dhabi"]
[Date "2019.08.03"]
[Round "2.28"]
[White "Vatsal Singhania"]
[Black "Xu, Yi"]
[Result "0-1"]
[ECO "B85"]
[WhiteElo "2213"]
[BlackElo "2524"]
[Annotator "ChessBase"]
[PlyCount "132"]
[EventDate "2019.08.02"]
[EventType "swiss"]
[EventCountry "UAE"]
[SourceTitle "playchess.com"]
[Source "ChessBase"]
[SourceQuality "1"]
[TimeControl "5400+30"]

1. e4 c5 2. Nf3 d6 3. d4 cxd4 4. Nxd4 Nf6 5. Nc3 a6 6. Be2 e6 7. O-O Qc7 8. a4 Be7 9. Be3 b6 10. f4 Bb7 11. Bf3 Nbd7 12. f5 e5 13. Nb3 Rc8 14. Qd3 O-O 15. Qd2 Qb8 16. g4 h6 17. Bxh6 gxh6 18. Qxh6 Nh7 19. h4 f6 20. g5 fxg5 21. Qe6+ Kg7 22. Bh5 Rce8 23. hxg5 Bxg5 24. Bxe8 Qxe8 25. Qxe8 Rxe8 26. Rad1 Be7 27. Kf2 Ng5 28. Ke3 Kf7 29. Rg1 Rg8 30. Rg2 Nf6 31. Rdg1 Nfxe4 32. Nxe4 Bxe4 33. Rxg5 Rxg5 34. Rxg5 Bxc2 35. Rg4 Bxb3 36. Rb4 Bc2 37. Rxb6 Bg5+ 38. Ke2 Bxa4 39. Rxd6 e4 40. Re6 Bb5+ 41. Kf2 Bd3 42. b3 Bd2 43. Re5 Kf6 44. Re8 Kxf5 45. Re7 Kf4 46. Rf7+ Ke5 47. Re7+ Kd4 48. Rd7+ Kc3 49. Re7 Kxb3 50. Re5 a5 51. Re8 e3+ 52. Rxe3 Bxe3+ 53. Kxe3 Kc3 54. Kf4 a4 55. Ke5 a3 56. Kd5 a2 57. Ke5 a1=Q 58. Kd5 Qa5+ 59. Kd6 Kd4 60. Kd7 Kd5 61. Ke7 Qb6 62. Kf7 Qe6+ 63. Kg7 Qg6+ 64. Kf8 Qh7 65. Ke8 Ke6 66. Kd8 Qd7# 0-1

[Event "26th Abu Dhabi Master 2019"]
[Site "Abu Dhabi"]
[Date "2019.08.03"]
[Round "2.29"]
[White "Soham Kamotra"]
[Black "Iniyan, P."]
[Result "1/2-1/2"]
[ECO "A20"]
[WhiteElo "2136"]
[BlackElo "2524"]
[Annotator "ChessBase"]
[PlyCount "107"]
[EventDate "2019.08.02"]
[EventType "swiss"]
[EventCountry "UAE"]
[SourceTitle "playchess.com"]
[Source "ChessBase"]
[SourceQuality "1"]
[TimeControl "5400+30"]

1. c4 e5 2. g3 f5 3. Bg2 Nf6 4. Nc3 Nc6 5. e3 e4 6. d3 Bb4 7. Nge2 Ne5 8. dxe4 Nxe4 9. Qc2 Bxc3+ 10. Nxc3 Nc5 11. O-O O-O 12. Rd1 d6 13. b4 Ne6 14. c5 a5 15. cxd6 axb4 16. Nd5 cxd6 17. Nxb4 Kh8 18. Bb2 Qb6 19. Nd5 Qc5 20. Qxc5 Nxc5 21. Nb6 Ra6 22. Nxc8 Rxc8 23. Rac1 Raa8 24. Bxe5 dxe5 25. Rd5 Na4 26. Rxc8+ Rxc8 27. Rxe5 Rc1+ 28. Bf1 g6 29. Re8+ Kg7 30. Re7+ Kh6 31. Rxb7 Rc2 32. Kg2 Rxa2 33. Bc4 Rb2 34. Rxb2 Nxb2 35. Bb5 Nd1 36. Kf1 Kg5 37. Bc6 Nb2 38. Ke2 Nc4 39. Bd5 Nb6 40. Bb3 Nd7 41. h4+ Kf6 42. Bc2 h6 43. Kd2 g5 44. f4 Nf8 45. Kd3 gxf4 46. exf4 Ne6 47. Kc4 Ng7 48. Bd1 Ne6 49. Be2 Ng7 50. Kd5 Ne6 51. Bd1 Ng7 52. Be2 Ne6 53. Bd3 Ng7 54. Be2 {[%emt 0:01:28] Ke5+} 1/2-1/2

[Event "26th Abu Dhabi Master 2019"]
[Site "Abu Dhabi"]
[Date "2019.08.03"]
[Round "2.30"]
[White "Bajarani, Ulvi"]
[Black "Ammar, Sedrani"]
[Result "1-0"]
[ECO "D35"]
[WhiteElo "2485"]
[BlackElo "2024"]
[Annotator "ChessBase"]
[PlyCount "55"]
[EventDate "2019.08.02"]
[EventType "swiss"]
[EventCountry "UAE"]
[SourceTitle "playchess.com"]
[Source "ChessBase"]
[SourceQuality "1"]
[TimeControl "5400+30"]

1. d4 d5 2. c4 e6 3. cxd5 exd5 4. Nc3 Nf6 5. Bg5 Be7 6. e3 O-O 7. Bd3 Nbd7 8. Nge2 Re8 9. Qc2 Nf8 10. O-O Ng6 11. Rad1 c6 12. f3 Nh5 13. Bxe7 Qxe7 14. e4 dxe4 15. fxe4 Be6 16. e5 c5 17. d5 Bg4 18. e6 fxe6 19. Bxg6 hxg6 20. Qxg6 Bxe2 21. d6 Qh4 22. Nxe2 Nf6 23. Rf4 Qh5 24. Rxf6 Qxe2 25. Qf7+ Kh8 26. Rff1 Red8 27. Rde1 Qd2 28. Re4 1-0

[Event "26th Abu Dhabi Master 2019"]
[Site "Abu Dhabi"]
[Date "2019.08.03"]
[Round "2.32"]
[White "Aaryan Varshney"]
[Black "Volokitin, Andrei"]
[Result "0-1"]
[ECO "D37"]
[WhiteElo "2284"]
[BlackElo "2636"]
[Annotator "RC"]
[PlyCount "88"]
[EventDate "2019.08.02"]
[EventType "swiss"]
[EventCountry "UAE"]
[SourceTitle "playchess.com"]
[Source "ChessBase"]
[SourceQuality "1"]
[TimeControl "5400+30"]

1. d4 Nf6 2. Nf3 d5 3. c4 e6 4. Nc3 dxc4 5. e3 a6 6. Bxc4 b5 7. Bd3 Bb7 8. O-O c5 9. dxc5 Bxc5 10. b3 Nbd7 11. Bb2 O-O 12. Ng5 Be7 13. Qb1 h6 14. Nh7 Re8 15. Nxf6+ Nxf6 16. Ne4 Qd5 17. f3 Qd8 18. Nxf6+ Bxf6 19. Bh7+ Kh8 20. Bxf6 Qxf6 21. Be4 Bxe4 22. Qxe4 Rac8 23. Rad1 Red8 24. Qb7 Rc2 25. f4 Rxa2 26. Rxd8+ Qxd8 27. f5 Qg5 28. Kh1 Qxf5 29. Kg1 Qg5 30. Kh1 Qxe3 31. Qxf7 Qe4 32. Rg1 Rb2 33. Qf8+ Kh7 34. Qa3 Rb1 35. h3 Rxg1+ 36. Kxg1 a5 37. Qxa5 Qe3+ 38. Kh2 Qxb3 39. Qc7 Qc4 40. Qg3 b4 41. Qe1 b3 42. Qb1+ Qc2 43. Qe1 b2 44. Qxe6 b1=Q 0-1

[Event "26th Abu Dhabi Master 2019"]
[Site "Abu Dhabi"]
[Date "2019.08.03"]
[Round "2.33"]
[White "Antipov, Mikhail Al."]
[Black "Rajdeep Sarkar"]
[Result "1-0"]
[ECO "B54"]
[WhiteElo "2582"]
[BlackElo "2369"]
[Annotator "ChessBase"]
[PlyCount "67"]
[EventDate "2019.08.02"]
[EventType "swiss"]
[EventCountry "UAE"]
[SourceTitle "playchess.com"]
[Source "ChessBase"]
[SourceQuality "1"]
[TimeControl "5400+30"]

1. e4 c5 2. Nf3 d6 3. d4 cxd4 4. Nxd4 Nf6 5. f3 e5 6. Nb3 Be7 7. c4 O-O 8. Be3 a5 9. Nc3 a4 10. Nd2 Qa5 11. Ndb1 Nbd7 12. Qd2 Nc5 13. Na3 Be6 14. Be2 Rfc8 15. O-O Bd8 16. Qxd6 Bb6 17. Kh1 Rd8 18. Qxe5 Qb4 19. Qg3 Nd3 20. Bxb6 Qxb6 21. Bxd3 Qxb2 22. Nd5 Bxd5 23. cxd5 Qxa3 24. f4 Qe7 25. Rae1 b5 26. Bb1 b4 27. d6 Qa7 28. e5 Ne8 29. Qh3 g6 30. f5 Rac8 31. fxg6 hxg6 32. e6 Nxd6 33. exf7+ Nxf7 34. Qe6 1-0

[Event "26th Abu Dhabi Master 2019"]
[Site "Abu Dhabi"]
[Date "2019.08.03"]
[Round "2.35"]
[White "Vaibhav, Suri"]
[Black "Pranesh M"]
[Result "1-0"]
[ECO "A05"]
[WhiteElo "2591"]
[BlackElo "2343"]
[Annotator "ChessBase"]
[PlyCount "105"]
[EventDate "2019.08.02"]
[EventType "swiss"]
[EventCountry "UAE"]
[SourceTitle "playchess.com"]
[Source "ChessBase"]
[SourceQuality "1"]
[TimeControl "5400+30"]

1. Nf3 Nf6 2. c4 e6 3. g3 d5 4. Bg2 c5 5. O-O Nc6 6. d4 dxc4 7. dxc5 Qxd1 8. Rxd1 Bxc5 9. Nfd2 e5 10. Nxc4 O-O 11. Nc3 Be6 12. Be3 Bxe3 13. Nxe3 Rad8 14. b3 a6 15. Bxc6 bxc6 16. Na4 Rd4 17. Rxd4 exd4 18. Nc2 d3 19. exd3 Nd7 20. Nb4 Ne5 21. Nxa6 Bh3 22. f4 Nf3+ 23. Kf2 Nxh2 24. Rh1 Ng4+ 25. Kg1 Re8 26. Rxh3 Re1+ 27. Kg2 f5 28. Nb4 Rc1 29. d4 Rd1 30. Nxc6 g6 31. Nc3 Rd2+ 32. Kg1 Rc2 33. Ne7+ Kg7 34. Ned5 Rc1+ 35. Kg2 h5 36. b4 Rc2+ 37. Kf1 Rb2 38. b5 Kf7 39. a4 Ke6 40. a5 Kd6 41. a6 Rc2 42. a7 Rc1+ 43. Ke2 Ra1 44. Nb6 Rxa7 45. Nc8+ Kc7 46. Nxa7 g5 47. Rxh5 gxf4 48. gxf4 Ne3 49. Kxe3 Kb7 50. Rh7+ Ka8 51. b6 Kb8 52. Nc6+ Ka8 53. b7# 1-0

[Event "26th Abu Dhabi Master 2019"]
[Site "Abu Dhabi"]
[Date "2019.08.03"]
[Round "2.36"]
[White "Dixit, Nikhil"]
[Black "Paichadze, Luka"]
[Result "0-1"]
[ECO "C41"]
[WhiteElo "2318"]
[BlackElo "2567"]
[Annotator "ChessBase"]
[PlyCount "90"]
[EventDate "2019.08.02"]
[EventType "swiss"]
[EventCountry "UAE"]
[SourceTitle "playchess.com"]
[Source "ChessBase"]
[SourceQuality "1"]
[TimeControl "5400+30"]

1. e4 d6 2. d4 Nf6 3. Nc3 e5 4. Nf3 Nbd7 5. Bc4 Be7 6. O-O O-O 7. a4 a5 8. h3 b6 9. Re1 Bb7 10. dxe5 dxe5 11. Nd5 Nxd5 12. Bxd5 c6 13. Bc4 Qc7 14. Bg5 Bxg5 15. Nxg5 Nf6 16. Ra3 h6 17. Nf3 b5 18. Ba2 b4 19. Rae3 c5 20. Bc4 Rad8 21. Qe2 Nh5 22. Nh4 Nf4 23. Qg4 Kh7 24. g3 Bc8 25. Nf5 g6 26. gxf4 gxf5 27. Qh4 Rd4 28. b3 exf4 29. Rf3 fxe4 30. Rxf4 f5 31. Re3 Qd8 32. Qxd8 Rfxd8 33. c3 Rd1+ 34. Kh2 Rc1 35. cxb4 cxb4 36. Rh4 Rd2 37. Rf4 Kg6 38. Kg3 Kg5 39. h4+ Kg6 40. Kg2 Kf6 41. Kh2 Ke5 42. Kg3 Rg1+ 43. Kh2 Rdd1 44. Rff3 Rh1+ 45. Kg2 Rdg1# 0-1

[Event "26th Abu Dhabi Master 2019"]
[Site "Abu Dhabi"]
[Date "2019.08.03"]
[Round "2.37"]
[White "Praggnanandhaa R"]
[Black "Kushagra Mohan"]
[Result "1-0"]
[ECO "C77"]
[WhiteElo "2540"]
[BlackElo "2250"]
[Annotator "ChessBase"]
[PlyCount "69"]
[EventDate "2019.08.02"]
[EventType "swiss"]
[EventCountry "UAE"]
[SourceTitle "playchess.com"]
[Source "ChessBase"]
[SourceQuality "1"]
[TimeControl "5400+30"]

1. e4 e5 2. Nf3 Nc6 3. Bb5 a6 4. Ba4 Nf6 5. d3 d6 6. c4 Be7 7. h3 O-O 8. Be3 Bd7 9. Nc3 Nb8 10. O-O c5 11. a3 h6 12. b4 b6 13. bxc5 bxc5 14. Rb1 Qc7 15. Nh4 Be6 16. Qf3 Nbd7 17. Nd5 Bxd5 18. cxd5 Rfd8 19. Nf5 Nf8 20. Rb2 Rdb8 21. Rfb1 Rxb2 22. Rxb2 Bd8 23. Bd2 Ng6 24. Rb3 Kh7 25. Bc6 Rb8 26. Ba5 Qa7 27. Bxd8 Rxb3 28. Bxf6 c4 29. Bxg7 Kg8 30. Bxh6 cxd3 31. Be3 Qc7 32. Qh5 Qd8 33. Bg5 Qf8 34. Nh6+ Kg7 35. Ng4 1-0

[Event "26th Abu Dhabi Master 2019"]
[Site "Abu Dhabi"]
[Date "2019.08.03"]
[Round "2.38"]
[White "Aryan Chopra"]
[Black "Nitish Belurkar"]
[Result "1-0"]
[ECO "C11"]
[WhiteElo "2553"]
[BlackElo "2302"]
[Annotator "ChessBase"]
[PlyCount "61"]
[EventDate "2019.08.02"]
[EventType "swiss"]
[EventCountry "UAE"]
[SourceTitle "playchess.com"]
[Source "ChessBase"]
[SourceQuality "1"]
[TimeControl "5400+30"]

1. e4 e6 2. d4 d5 3. Nc3 Nf6 4. e5 Nfd7 5. f4 c5 6. Nf3 Nc6 7. Be3 a6 8. Qd2 Qb6 9. O-O-O Qc7 10. dxc5 Bxc5 11. Bxc5 Nxc5 12. Qe3 Ne7 13. Bd3 b5 14. Kb1 Rb8 15. Ne2 b4 16. Ned4 Bd7 17. g4 g6 18. Rhf1 Qb6 19. f5 Nxd3 20. fxe6 Bxe6 21. Rxd3 Bxg4 22. Qf4 Bh3 23. Ng5 Bf5 24. e6 f6 25. Nf7 Bxd3 26. cxd3 Rf8 27. Qxf6 Nf5 28. Nxf5 gxf5 29. Qxf5 Ke7 30. Qg5+ Ke8 31. e7 1-0

[Event "26th Abu Dhabi Master 2019"]
[Site "Abu Dhabi"]
[Date "2019.08.03"]
[Round "2.39"]
[White "Arjun Kalyan"]
[Black "Al Hosani, Omran"]
[Result "1-0"]
[ECO "B52"]
[WhiteElo "2482"]
[BlackElo "2135"]
[Annotator "ChessBase"]
[PlyCount "53"]
[EventDate "2019.08.02"]
[EventType "swiss"]
[EventCountry "UAE"]
[SourceTitle "playchess.com"]
[Source "ChessBase"]
[SourceQuality "1"]
[TimeControl "5400+30"]

1. e4 c5 2. Nf3 d6 3. Bb5+ Bd7 4. Bxd7+ Qxd7 5. c4 Nf6 6. Nc3 g6 7. d4 cxd4 8. Nxd4 Bg7 9. f3 O-O 10. Be3 Nc6 11. O-O Rac8 12. b3 a6 13. Qd3 Nxd4 14. Bxd4 Qc6 15. Rac1 Rfd8 16. Be3 e6 17. Rfd1 Qe8 18. Bf4 Nh5 19. Bxd6 Be5 20. c5 Rxc5 21. Bxc5 Rxd3 22. Rxd3 Nf4 23. Rd2 Qc8 24. Be3 Bxc3 25. Bxf4 Qc5+ 26. Kh1 g5 27. Rd8+ 1-0

[Event "26th Abu Dhabi Master 2019"]
[Site "Abu Dhabi"]
[Date "2019.08.03"]
[Round "2.40"]
[White "Salonika, Saina"]
[Black "Shyaamnikhil P"]
[Result "1/2-1/2"]
[ECO "B90"]
[WhiteElo "2127"]
[BlackElo "2456"]
[Annotator "ChessBase"]
[PlyCount "65"]
[EventDate "2019.08.02"]
[EventType "swiss"]
[EventCountry "UAE"]
[SourceTitle "playchess.com"]
[Source "ChessBase"]
[SourceQuality "1"]
[TimeControl "5400+30"]

1. e4 c5 2. Nf3 d6 3. d4 cxd4 4. Nxd4 Nf6 5. Nc3 a6 6. Be3 e5 7. Nf3 Be7 8. Bc4 O-O 9. O-O Nc6 10. Bb3 Be6 11. Qe2 Na5 12. Rfd1 Nxb3 13. axb3 Qc7 14. Bg5 Ne8 15. Bxe7 Qxe7 16. Nd5 Bxd5 17. Rxd5 Nc7 18. Rd2 a5 19. c4 Ne6 20. Qe3 Ra6 21. Rd5 Rfa8 22. g3 Nc7 23. Rdd1 b5 24. cxb5 Nxb5 25. Qd3 Nc7 26. Nd2 Ne6 27. b4 Nd4 28. bxa5 Rxa5 29. Rxa5 Rxa5 30. Nb3 Ra4 31. Nxd4 Rxd4 32. Qc2 Rb4 33. Qc8+ 1/2-1/2

[Event "26th Abu Dhabi Master 2019"]
[Site "Abu Dhabi"]
[Date "2019.08.03"]
[Round "2.41"]
[White "Alavi, Sayed Javad"]
[Black "Asaka, Samuel"]
[Result "1-0"]
[ECO "D38"]
[WhiteElo "2454"]
[BlackElo "2201"]
[Annotator "ChessBase"]
[PlyCount "92"]
[EventDate "2019.08.02"]
[EventType "swiss"]
[EventCountry "UAE"]
[SourceTitle "playchess.com"]
[Source "ChessBase"]
[SourceQuality "1"]
[TimeControl "5400+30"]

1. d4 Nf6 2. c4 e6 3. Nf3 d5 4. Nc3 Bb4 5. Bg5 h6 6. Bxf6 Qxf6 7. Qa4+ Nc6 8. e3 O-O 9. Be2 dxc4 10. O-O Bd7 11. Ne5 Be8 12. Nxc6 Bxc3 13. bxc3 Bxc6 14. Qxc4 Qg5 15. g3 h5 16. Qd3 e5 17. h4 Qd8 18. Bxh5 g6 19. Be2 Qd5 20. f3 Qe6 21. Kg2 Rfe8 22. e4 exd4 23. cxd4 f5 24. e5 f4 25. Kf2 fxg3+ 26. Kxg3 Rf8 27. f4 Rad8 28. Bg4 Qe8 29. e6 Kg7 30. Rfe1 Qe7 31. Re5 Qf6 32. Rf1 Rfe8 33. h5 Rd5 34. Rxd5 Bxd5 35. Qxg6+ Qxg6 36. hxg6 Bxe6 37. Bxe6 Rxe6 38. f5 Rd6 39. Kf4 Kf6 40. Ke4 Rd8 41. Rh1 Re8+ 42. Kf4 Rd8 43. Rh7 Rxd4+ 44. Ke3 Rd8 45. Rf7+ Ke5 46. g7 Rg8 1-0

[Event "26th Abu Dhabi Master 2019"]
[Site "Abu Dhabi"]
[Date "2019.08.03"]
[Round "2.42"]
[White "Laxman, R.R."]
[Black "Tashkhodzhaev, Akram"]
[Result "1-0"]
[ECO "A46"]
[WhiteElo "2429"]
[BlackElo "2123"]
[Annotator "NA"]
[PlyCount "95"]
[EventDate "2019.08.02"]
[EventType "swiss"]
[EventCountry "UAE"]
[SourceTitle "playchess.com"]
[Source "ChessBase"]
[SourceQuality "1"]
[TimeControl "5400+30"]

1. d4 Nf6 2. Nf3 c5 3. e3 e6 4. c4 d5 5. Nc3 Nc6 6. a3 dxc4 7. Bxc4 Be7 8. O-O O-O 9. dxc5 Qxd1 10. Rxd1 Bxc5 11. Ng5 Be7 12. Nge4 Nxe4 13. Nxe4 Ne5 14. Bb3 Bd7 15. Bd2 Bc6 16. Ng3 Rfd8 17. Bc3 Ng4 18. Nh5 Nf6 19. Nxf6+ Bxf6 20. Bxf6 gxf6 21. f3 Kf8 22. Kf2 Ke7 23. g4 Rxd1 24. Rxd1 Rg8 25. h3 Rg5 26. Rd2 h6 27. Bd1 Rc5 28. Rc2 Rd5 29. Be2 f5 30. f4 Kd6 31. Kg3 fxg4 32. hxg4 f5 33. gxf5 Rxf5 34. Bg4 Rf6 35. Rd2+ Ke7 36. Rd4 Rf8 37. e4 Rc8 38. Kh4 Be8 39. Bh5 Rc2 40. Bxe8 Kxe8 41. Rb4 b6 42. Kh5 Rh2+ 43. Kg6 h5 44. Kf6 Rf2 45. e5 h4 46. Kxe6 h3 47. f5 h2 48. Rh4 1-0

[Event "26th Abu Dhabi Master 2019"]
[Site "Abu Dhabi"]
[Date "2019.08.03"]
[Round "2.43"]
[White "Suleymanli, Aydin"]
[Black "Panda Sambit"]
[Result "1-0"]
[ECO "D53"]
[WhiteElo "2416"]
[BlackElo "2126"]
[Annotator "NA"]
[PlyCount "103"]
[EventDate "2019.08.02"]
[EventType "swiss"]
[EventCountry "UAE"]
[SourceTitle "playchess.com"]
[Source "ChessBase"]
[SourceQuality "1"]
[TimeControl "5400+30"]

1. d4 d5 2. c4 e6 3. Nc3 Nf6 4. Bg5 Be7 5. e3 h6 6. Bh4 O-O 7. cxd5 Nxd5 8. Bxe7 Qxe7 9. Nxd5 exd5 10. Rc1 Bf5 11. Bd3 Qb4+ 12. Qd2 Qxd2+ 13. Kxd2 Bxd3 14. Kxd3 c6 15. Ne2 Nd7 16. f3 a5 17. h4 Nb6 18. g4 Rfe8 19. Rc2 g6 20. h5 g5 21. Ng3 Nc8 22. Nf5 Re6 23. e4 dxe4+ 24. fxe4 Nd6 25. Ng3 Rd8 26. a4 Nc8 27. Rf1 Nb6 28. Rc5 Nd7 29. Rcf5 b6 30. Kc2 f6 31. Kb1 Rde8 32. Rc1 c5 33. Rd5 R6e7 34. Nf5 Rh7 35. Nxh6+ Kf8 36. Nf5 Rxe4 37. dxc5 Nxc5 38. Rd6 Rxg4 39. Rxf6+ Ke8 40. Rxb6 Nxa4 41. Rb8+ Kd7 42. Rb7+ Ke6 43. Rxh7 Kxf5 44. Rf1+ Ke6 45. Rc7 Kd6 46. Rc2 Rh4 47. b3 Nb6 48. Rf6+ Ke5 49. Rxb6 Rxh5 50. Rb5+ Kd4 51. Rg2 Kc3 52. Rg3+ 1-0